 Dungeon Sprint DCSS version 0.27-a0-1302-g7736ffe575 (console) character file.

Game seed: 16432911363249047713

5987 Banquo the Eclecticist (level 11, -3/195 HPs)
             Began as a Djinni Venom Mage on June 18, 2021.
             Was a High Priest of Okawaru.
             Slain by a demonic crawler (6 damage)
             ... in the Dungeon (Sprint I: "Red Sonja").
             The game lasted 00:19:46 (2622 turns).

Banquo the Eclecticist (Djinni Venom Mage)          Turns: 2622, Time: 00:19:47

Health: -3/195     AC: 25    Str:  7    XL:     11   Next: 10%
Gold:   847        EV:  2    Int: 20    God:    Okawaru [*****.] SH:  0 Dex: 14

rFire    . . .     SeeInvis .   i - +1 short sword (venom)
rCold    . . .     Faith    .   (no shield)
rNeg     + + +     Spirit   .   (armour currently unavailable)
rPois    ∞         Reflect  .   (helmet currently unavailable)
rElec    +         Harm     .   (cloak currently unavailable)
rCorr    +         Rampage  .   (gloves currently unavailable)
Will     +....     NoTele   +   (boots unavailable)
Stlth    ..........             o - amulet of the acrobat
HPRegen  0.42/turn              k - ring "Jenofol" {+Blink rElec rCorr}
MPRegen  0.00/turn              (no ring)

@: berserking, tree-form (expiring), heroic, very quick
A: stationary, stasis, torment immunity, boosted hp, sickness immunity, (fire
resistance 2), (cold vulnerability 1), float, innate caster, hp casting, extra
vitality 1
a: Renounce Religion, Evoke Blink, Heroism, Finesse


You were in the Dungeon.
You worshipped Okawaru.
Okawaru was extremely pleased with you.
You were a tree.
You visited 1 branch You collected 1466 gold pieces.
You spent 619 gold pieces at shops.

Inventory:

Hand Weapons
 b - a +0 dagger
 i - a +1 short sword of venom (weapon)
Missiles
 e - 11 poisoned darts
 g - 5 curare-tipped darts
Armour
 a - a +0 robe
 q - a +2 robe of cold resistance (melded)
 t - a scarf of resistance (melded)
Jewellery
 k - the ring "Jenofol" (left branch) {+Blink rElec rCorr}
   (You bought it in a shop in the Dungeon)

   [ring of resist corrosion]

   It insulates you from electricity.
   It lets you blink.
   It protects you from acid and corrosion.
 o - an amulet of the acrobat (around neck)
Wands
 h - a wand of polymorph (5)
Scrolls
 f - a scroll of blinking
 j - 2 scrolls of identify {unknown}
 n - a scroll of fear {unknown}
 r - a scroll of amnesia {unknown}
Potions
 d - a potion of haste


   Skills:
 * Level 11.1(16.1) Fighting
 * Level 2.9(7.9) Short Blades
 + Level 7.2(12.2) Dodging
 - Level 1.5(6.5) Stealth
 + Level 15.2 Spellcasting
 * Level 7.8 Invocations


You had 14 spell levels left.
You knew the following spells:

 Your Spells              Type           Power      Damage    Failure   Level
a - Sting                 Tmut/Pois      100%       1d8       0%          1
b - Corpse Rot            Necr/Air       N/A        N/A       0%          2
c - Mephitic Cloud        Conj/Pois/Air  66%        N/A       1%          3
d - Static Discharge      Conj/Air       66%        N/A       0%          2
e - Portal Projectile     Hex/Tloc       100%       N/A       1%          3
f - Sandblast             Erth           100%       2d20      0%          1
g - Metabolic Englaciati  Hex/Ice        33%        N/A       1%          5
i - Ignite Poison         Fire/Tmut/Pois 66%        N/A       1%          3
p - Poisonous Vapours     Pois/Air       100%       N/A       0%          2
O - Olgreb's Toxic Radia  Pois           66%        N/A       1%          4
Your spell library was empty.

Dungeon Overview and Level Annotations

Branches:
Dungeon (1/1)

Altars:
Cheibriados
Dithmenos
Elyvilon
Fedhas
Gozag
Hepliaklqana
Kikubaaqudgha
Makhleb
Nemelex Xobeh
Okawaru
Qazlal
Ru
Sif Muna
Trog
Uskayaw
Vehumet
Wu Jian
Xom
Yredelemnul
Zin
The Shining One
Jiyva
Lugonu

Shops:
D *[[((::[([:!*:[[[


Innate Abilities, Weirdness & Mutations

You are a tree.
Your roots penetrate the ground, keeping you stationary.
You cannot be teleported.
You are immune to unholy pain and torment.
Your maximum health is greatly increased.
Your equipment is partially melded.
You are immune to sickness and miasma.
You are immune to poison.
((Your flesh is very heat resistant. (rF++)))
((You are vulnerable to cold. (rC-)))
You float through the air rather than walking.
You learn spells naturally, not from books.
Your magical power is your life essence.
You have superior vitality. (+4 HP)


Message History

The demonic crawler hits you!
* * * LOW HITPOINT WARNING * * *
The demonic crawler hits you but does no damage.
You puncture the demonic crawler!
The demonic crawler looks as sick as possible!
The demonic crawler is severely wounded.
The demonic crawler hits you but does no damage. x2
The demonic crawler hits you.
* * * LOW HITPOINT WARNING * * *
You puncture the demonic crawler!
The demonic crawler looks as sick as possible!
The demonic crawler is almost dead.
Your transformation is almost over.
You hit the demonic crawler.
The demonic crawler looks as sick as possible!
The demonic crawler is almost dead.
The demonic crawler hits you but does no damage.
The demonic crawler hits you.
* * * LOW HITPOINT WARNING * * *
The demonic crawler hits you but does no damage.
You puncture the demonic crawler!
You kill the demonic crawler!
Okawaru accepts your kill.
You puncture the demonic crawler!
The demonic crawler is lightly wounded.
You hit the demonic crawler but do no damage.
The demonic crawler is lightly wounded.
The demonic crawler hits you but does no damage. x3
You hit the demonic crawler but do no damage.
The demonic crawler is lightly wounded.
The demonic crawler hits you!
* * * LOW HITPOINT WARNING * * *
The demonic crawler hits you but does no damage. x2
You puncture the demonic crawler!
The demonic crawler is moderately wounded.
You hit the demonic crawler but do no damage.
The demonic crawler is moderately wounded.
The demonic crawler hits you but does no damage. x2
The demonic crawler hits you.
You die...

##########################*****
#<.#..)..#..'..#__#..'.).#,,*,,
#..'..#..'[.#.s'..'..#...##+#,*
#..#####'#####s#__####.).'..#,*
#..####..#...#♣####§§#####..+,*
#[.#__####..##§#≈≈≈§§#..#*+##**
#..#_____##'#_.'§§§§§§§.#,,^,^*
#⌠⌠#_.∩...'..._#§§§.§#§.#^^,,,+
####_..__##_.#'##§#####'###^,,*
*,,#_____###'#[#.)..###.'.#,^,*
############.####'###.###§#,,**
#∩........'...'.....')∩##.#^^**
###++++####...###########§#*+*,


You could see 2 demonic crawlers.

Vanquished Creatures
  2 centaur warriors (D)
  Sonja (D)
  A deep troll (D)
  An oklob plant (D)
  2 kobold demonologists (D)
  2 unseen horrors (D)
  A demonic crawler (D)
  A hornet (D)
  A slime creature (D)
  Sigmund (D)
  2 redbacks (D)
  A yak (D)
  2 floating eyes (D)
  7 necrophages (D)
  An ogre (D)
  8 jellies (D)
  Ijyb (D)
  A ballistomycete spore (D)
36 creatures vanquished.

Vanquished Creatures (others)
  A gargoyle (D)
  A ballistomycete spore (D)
2 creatures vanquished.

Grand Total: 38 creatures vanquished

Notes
Turn   | Place    | Note
-------+----------+-------------------------------------------
     0 | D        | Banquo the Djinni Venom Mage began the quest for the Orb.
     0 | D        | Reached XP level 1. HP: 15/15 MP: 0/0
     1 | D        | Noticed Ijyb
    10 | D        | HP: 1/22 [Ijyb (1)]
    17 | D        | Killed Ijyb
    18 | D        | Reached skill level 4 in Spellcasting
    18 | D        | Reached XP level 2. HP: 6/24 MP: 0/0
    18 | D        | Reached XP level 3. HP: 8/29 MP: 0/0
    18 | D        | Learned a level 1 spell: Sandblast
   216 | D        | Killed a gargoyle
   240 | D        | Noticed an ogre
   243 | D        | Killed an ogre
   244 | D        | Reached skill level 6 in Spellcasting
   244 | D        | Reached XP level 4. HP: 28/37 MP: 0/0
   244 | D        | Reached XP level 5. HP: 32/41 MP: 0/0
   244 | D        | Learned a level 2 spell: Static Discharge
   324 | D        | Noticed Sigmund
   329 | D        | Killed Sigmund
   330 | D        | Reached skill level 5 in Fighting
   330 | D        | Reached skill level 8 in Spellcasting
   330 | D        | Reached XP level 6. HP: 24/49 MP: 0/0
   499 | D        | Found a burning altar of Makhleb.
   499 | D        | Found a viscous altar of Jiyva.
   499 | D        | Found a shimmering altar of Xom.
   499 | D        | Found a corrupted altar of Lugonu.
   499 | D        | Noticed a slime creature
   501 | D        | Found an ornate altar of the Wu Jian Council.
   507 | D        | Reached skill level 5 in Dodging
   542 | D        | Found Itrosh's Armour Emporium.
   542 | D        | Found a hazy altar of Hepliaklqana.
   542 | D        | Found a stormy altar of Qazlal.
   542 | D        | Found a hide-covered altar of Uskayaw.
   542 | D        | Found a blossoming altar of Fedhas.
   542 | D        | Found a bloodstained altar of Trog.
   542 | D        | Found an iron altar of Okawaru.
   542 | D        | Found a basalt altar of Yredelemnul.
   542 | D        | Found a glowing golden altar of the Shining One.
   542 | D        | Found a snail-covered altar of Cheibriados.
   542 | D        | Found a sacrificial altar of Ru.
   542 | D        | Found a glowing silver altar of Zin.
   542 | D        | Found a shadowy altar of Dithmenos.
   542 | D        | Found a white marble altar of Elyvilon.
   542 | D        | Noticed a yak
   548 | D        | Killed a yak
   549 | D        | Reached skill level 9 in Spellcasting
   549 | D        | Reached XP level 7. HP: 44/57 MP: 0/0
   549 | D        | Learned a level 2 spell: Corpse Rot
   615 | D        | Found an opulent altar of Gozag.
   616 | D        | Found a sparkling altar of Nemelex Xobeh.
   632 | D        | Became a worshipper of Warmaster Okawaru
   640 | D        | Noticed Sonja
   645 | D        | Killed Sonja
   645 | D        | Reached * piety under Okawaru
   646 | D        | Reached skill level 11 in Spellcasting
   646 | D        | Reached XP level 8. HP: 53/65 MP: 0/0
   666 | D        | Found Boyfuzi's Assorted Antiques.
   674 | D        | Bought a scroll labelled TYISKUINUN for 25 gold pieces
   674 | D        | Bought an ancient granite ring for 125 gold pieces
   674 | D        | Identified the ring "Jenofol" {+Blink rElec rCorr} (You
                  | bought it in a shop in the Dungeon)
   785 | D        | Noticed a deep troll
   790 | D        | Killed a deep troll
   790 | D        | Reached ** piety under Okawaru
   791 | D        | Reached skill level 12 in Spellcasting
   791 | D        | Reached XP level 9. HP: 60/71 MP: 0/0
   791 | D        | Learned a level 3 spell: Portal Projectile
   866 | D        | Noticed a centaur warrior
   867 | D        | Noticed a centaur warrior
   869 | D        | Killed a centaur warrior
   870 | D        | Reached skill level 13 in Spellcasting
   872 | D        | Killed a centaur warrior
   872 | D        | Reached *** piety under Okawaru
   873 | D        | Reached skill level 5 in Invocations
  1032 | D        | Found Kabi's Armour Emporium.
  1064 | D        | Noticed a hornet
  1072 | D        | Killed a hornet
  1073 | D        | Reached XP level 10. HP: 69/80 MP: 0/0
  1087 | D        | Noticed an oklob plant
  1094 | D        | Killed an oklob plant
  1095 | D        | Reached skill level 10 in Fighting
  1095 | D        | Reached skill level 14 in Spellcasting
  1443 | D        | Killed an unseen horror
  1443 | D        | Reached **** piety under Okawaru
  1443 | D        | Killed an unseen horror
  1965 | D        | Reached skill level 1 in Short Blades
  2032 | D        | Found Poewnihu's Antique Weapon Shoppe.
  2033 | D        | Found Bigaa's Armour Shop.
  2033 | D        | Found Jealarch's Antique Weapon Boutique.
  2324 | D        | Found Xesko's Book Emporium.
  2324 | D        | Found Weih's Book Shop.
  2324 | D        | Found Puyr's Antique Armour Shoppe.
  2324 | D        | Found Asmicox's Antique Weapon Boutique.
  2324 | D        | Found Zufyduhe's Armour Emporium.
  2324 | D        | Found Elidubb's Book Shop.
  2324 | D        | Found Paculuf's Distillery.
  2328 | D        | Found Lelopt's General Store.
  2329 | D        | Found Zunu's Antique Armour Emporium.
  2329 | D        | Found Fuvesum's Book Boutique.
  2330 | D        | Found Tyuhoim's Antique Armour Emporium.
  2336 | D        | Bought a scroll of magic mapping for 38 gold pieces
  2338 | D        | Bought a runed scarf for 232 gold pieces
  2345 | D        | Bought a pair of ichor-stained gloves for 199 gold pieces
  2345 | D        | Identified the -3 pair of gloves "Aklifip" {rPois Dex+4}
                  | (You bought it in a shop in the Dungeon)
  2388 | D        | Reached skill level 15 in Spellcasting
  2506 | D        | Noticed a kobold demonologist
  2506 | D        | Noticed a kobold demonologist
  2510 | D        | Killed a kobold demonologist
  2510 | D        | Reached ***** piety under Okawaru
  2510 | D        | Killed a kobold demonologist
  2511 | D        | Reached XP level 11. HP: 76/87 MP: 0/0
  2511 | D        | Learned a level 5 spell: Metabolic Englaciation
  2620 | D        | HP: 3/195 [demonic crawler (8)]
  2622 | D        | Slain by a demonic crawler

Illustrated notes

Levels and vault maps discovered:
D:        dungeon_sprint_1 [red_sonja_temple_1, red_sonja_temple_small_1]

Skill      XL: |  1  2  3  4  5  6  7  8  9 10 |
---------------+-------------------------------+-----
Fighting       | 2 3 5 6 8 9 11 | 11.1
Dodging        | 3 4 5 6 7 |  7.2
Spellcasting   | 4 6 8 9 11 12 13 15 | 15.2
Invocations    | 2 5 7 |  7.8
Short Blades   | 2 |  2.9
Stealth        | |  1.5

Action                   |  1- 3 |  4- 6 |  7- 9 | 10-12 || total
-------------------------+-------+-------+-------+-------++-------
Melee: Unarmed           |     5 |       |       |       ||     5
       Short sword       |       |       |     1 |    72 ||    73
       Punch             |       |       |       |     1 ||     1
 Cast: Sting             |     5 |     4 |     6 |    10 ||    25
       Ignite Poison     |     1 |     3 |     5 |    19 ||    28
       Mephitic Cloud    |     1 |     3 |     4 |    16 ||    24
       Olgreb's Toxic Ra |       |     3 |     5 |     7 ||    15
Invok: Heroism           |       |       |       |     1 ||     1
       Finesse           |       |       |       |     1 ||     1
  Use: Potion            |     2 |       |       |     7 ||     9
       Scroll            |       |       |       |     1 ||     1
 Stab: Sleeping          |       |       |       |     1 ||     1
Armor: Robe              |       |       |     1 |     8 ||     9
       Skin              |       |       |       |    49 ||    49
Dodge: Dodged            |     2 |     2 |     3 |    80 ||    87

Table legend: (Time is in decaauts)
 A = Elapsed time spent in this place.
 B = Non-inter-level travel time spent in this place.
 C = Inter-level travel time spent in this place.
 D = Time resting spent in this place.
 E = Time spent auto-exploring this place.
 F = Levels seen in this place.
 G = Mean time per level.
                   A        B        C        D        E       F      G
               +--------+--------+--------+--------+--------+-----+--------+
         Total |   2612 |   2584 |     28 |   1885 |      0 |   1 | 2612.0 |
       Dungeon |   2612 |   2584 |     28 |   1885 |      0 |   1 | 2612.0 |
               +--------+--------+--------+--------+--------+-----+--------+

Top non-repeatable levels by time:
       D: 2612 daAuts
